 Dungeon Crawl Stone Soup version 0.22-a0-305-gd21a89c (webtiles) character file.

319 Amnesiac the Skirmisher (level 6, 0/48 HPs)
             Began as a Mummy Fighter on Mar 31, 2018.
             Slain by Prince Ribbit (5 damage)
             ... on level 5 of the Dungeon.
             The game lasted 00:03:23 (1588 turns).

Amnesiac the Skirmisher (Mummy Fighter)             Turns: 1588, Time: 00:03:24

Health: 0/48       AC: 11    Str: 22    XL:     6   Next: 21%
Magic:  6/6        EV:  8    Int:  7    God:
Gold:   155        SH:  9    Dex: 11    Spells: 5/5 levels left

rFire    x . .     SeeInvis .   b - +0 blowgun
rCold    + . .     Gourm    .   c - +0 shield
rNeg     + + +     Faith    .   j - +0 scale mail
rPois    ∞         Spirit   .   (no helmet)
rElec    .         Reflect  .   (no cloak)
rCorr    .         Harm     .   d - +1 pair of gloves
MR       .....                  g - +1 pair of boots
Stlth    ..........             (no amulet)
HPRegen  0.16/turn              (no ring)
MPRegen  0.10/turn              (no ring)

@: no status effects
A: no food or potions, fire vulnerability, cold resistance 1, negative energy
resistance 3, torment resistance, unbreathing
a: no special abilities


You were on level 5 of the Dungeon.
You were not hungry.

You visited 1 branch of the dungeon, and saw 5 of its levels.

You collected 155 gold pieces.

Inventory:

Hand Weapons
 a - a +0 long sword
 b - a +0 blowgun (weapon)
Missiles
 h - 4 poisoned needles (quivered)
Armour
 c - a +0 shield (worn)
 d - a +1 pair of gloves (worn)
 g - a +1 pair of boots (worn)
 j - a +0 scale mail (worn)
Jewellery
 m - an uncursed ring of magical power {unknown}
Scrolls
 e - 2 scrolls of teleportation {!r, unknown}
 f - a scroll of enchant armour {!r, unknown}
 i - 4 scrolls of identify {!r, unknown}
 k - 2 scrolls of enchant weapon {!r, unknown}
 l - a scroll of fog {!r, unknown}
 n - a scroll of amnesia {!r, unknown}


   Skills:
 + Level 3.6 Fighting
 + Level 3.0 Long Blades
 + Level 3.0 Armour
 + Level 3.0 Dodging
 + Level 3.0 Shields


You had 5 spell levels left.
You didn't know any spells.

Dungeon Overview and Level Annotations

Branches:
Dungeon (5/15)
 Temple: D:4-7

Altars:
Dithmenos
Makhleb

Shops:
D:4 [

Annotations:
D:5 Prince Ribbit


Innate Abilities, Weirdness & Mutations

You do not eat or drink.
Your flesh is vulnerable to fire.
You are immune to poison.
Your flesh is cold resistant. (rC+)
You are immune to negative energy. (rN+++)
You are immune to unholy pain and torment.
You can survive without breathing.


Message History

You see here 15 stones.
Key pressed, stopping explore.
HP restored.
Found a short sword.
You see here a short sword.
You found a teleport trap!
There is an open door here.
n - a scroll labeled AKKARPH PAOC {!r}
Found a stone staircase leading down.
Prince Ribbit comes into view.
Prince Ribbit gives a loud, deep croak!
Prince Ribbit is nearby!
Prince Ribbit is nearby!
Prince Ribbit is nearby!
Prince Ribbit blinks!
b - a +0 blowgun (weapon)
Firing (i - inventory)
h - 11 poisoned needles (quivered)
Press: ? - help, Shift-Dir - straight line, f - Prince Ribbit
Aim: Prince Ribbit You shoot a poisoned needle.
The poisoned needle misses Prince Ribbit.
Firing (i - inventory)
h - 10 poisoned needles (quivered)
Press: ? - help, Shift-Dir - straight line, f/p - Prince Ribbit
Aim: Prince Ribbit You shoot a poisoned needle.
The poisoned needle misses Prince Ribbit.
Prince Ribbit hits you but does no damage.
Firing (i - inventory)
h - 9 poisoned needles (quivered)
Press: ? - help, Shift-Dir - straight line, f/p - Prince Ribbit
Aim: Prince Ribbit You shoot a poisoned needle.
The poisoned needle misses Prince Ribbit.
You block Prince Ribbit's attack.
Firing (i - inventory)
h - 8 poisoned needles (quivered)
Press: ? - help, Shift-Dir - straight line, f/p - Prince Ribbit
Aim: Prince Ribbit You shoot a poisoned needle.
The poisoned needle closely misses Prince Ribbit.
Prince Ribbit hits you!
Prince Ribbit hits you but does no damage.
Firing (i - inventory)
h - 7 poisoned needles (quivered)
Press: ? - help, Shift-Dir - straight line, f/p - Prince Ribbit
Aim: Prince Ribbit You shoot a poisoned needle.
The poisoned needle barely misses Prince Ribbit.
Prince Ribbit hits you!
* * * LOW HITPOINT WARNING * * *
Firing (i - inventory)
h - 6 poisoned needles (quivered)
Press: ? - help, Shift-Dir - straight line, f/p - Prince Ribbit
Aim: Prince Ribbit You shoot a poisoned needle.
The poisoned needle closely misses Prince Ribbit.
Prince Ribbit hits you!
* * * LOW HITPOINT WARNING * * *
Prince Ribbit barely misses you.
Firing (i - inventory)
h - 5 poisoned needles (quivered)
Press: ? - help, Shift-Dir - straight line, f/p - Prince Ribbit
Aim: Prince Ribbit You shoot a poisoned needle.
The poisoned needle hits Prince Ribbit.
Prince Ribbit hits you!
* * * LOW HITPOINT WARNING * * *
You are too injured to fight recklessly!
Prince Ribbit hits you.
You die...

############## #....@F(....(#
#.##########.# #.#..........#
#.#.#######..# ##### #.#.#
#..#######
....########.#.#######..#.....##
............................>...
###.########.#.#######..###...##
#.# #.#.# ...... ...


You could see Prince Ribbit.

Vanquished Creatures
  A hound (D:2)
  An orc priest (D:5)
  An orc wizard (D:4)
  An iguana (D:4)
  5 worker ants
  5 adders
  2 dart slugs
  A leopard gecko (D:4)
  8 orcs
  2 bats (D:3)
  A giant cockroach (D:4)
  2 goblins
  A hobgoblin (D:3)
  3 jackals (D:5)
  A quokka (D:3)
  3 frilled lizards
  A kobold (D:3)
  2 quokka skeletons (D:4)
  3 rats
44 creatures vanquished.

Notes
Turn   | Place    | Note
-------+----------+-------------------------------------------
     0 | D:1      | Amnesiac the Mummy Fighter began the quest for the Orb.
     0 | D:1      | Reached XP level 1. HP: 18/18 MP: 1/1
    26 | D:1      | You fall through a shaft!
   100 | D:2      | Found a shadowy altar of Dithmenos.
   161 | D:2      | Reached skill level 1 in Dodging
   161 | D:2      | Reached XP level 2. HP: 24/24 MP: 2/2
   213 | D:2      | Found a burning altar of Makhleb.
   224 | D:2      | Reached XP level 3. HP: 17/29 MP: 3/3
   471 | D:3      | Reached XP level 4. HP: 29/35 MP: 4/4
   819 | D:4      | Reached XP level 5. HP: 40/41 MP: 5/5
  1088 | D:4      | Found Unnounge's Antique Armour Shoppe.
  1103 | D:4      | Reached XP level 6. HP: 38/47 MP: 6/6
  1306 | D:5      | Entered Level 5 of the Dungeon
  1568 | D:5      | Noticed Prince Ribbit
  1588 | D:5      | Slain by Prince Ribbit

Vault maps used:
D:1:      sevenhm_arrival_forest_fort_large_4
D:2:      nicolae_overflow_hidden_temple, makhleb_heckhound_becter,
          minmay_misc_feat_rows, minmay_stone_trees_small, minmay_box_of_dots
D:3:      first_ration, minivault_23, eino_tiny_chamber, uniq_grinder
D:4:      serial_shops, nicolae_shop_behind_doors, kennysheep_generic_room_8
D:5:      nicolae_ru_great_annihilating_truth, amethyst_overflow_temple_binary,
          minmay_temple_entry_trees, uniq_blork_the_orc, uniq_prince_ribbit1

Skill      XL: |  1  2  3  4  5  6 |
---------------+-------------------+-----
Dodging        | 1 2 3 |  3.0
Long Blades    | 2 3 |  3.0
Shields        | 3 |  3.0
Armour         | 3 |  3.0
Fighting       | |  3.6

Action                   |  1- 3 |  4- 6 || total
-------------------------+-------+-------++-------
Melee: Long sword        |    51 |   129 ||   180
 Fire: Blowgun           |       |     7 ||     7
Armor: Scale mail        |    32 |    70 ||   102
Dodge: Dodged            |    16 |    44 ||    60
Block: Shield            |    20 |    52 ||    72
       Rpst.: Long sword |     7 |    10 ||    17

Table legend:
 A = Spawn XP
 B = Non-spawn XP
 C = Spawn XP percentage of total XP
 D = Spawn monster count
 E = Non-spawn monster count
 F = Spawn count percentage of total count
 G = Total turns spent on level
                    A         B        C        D         E        F      G
               +---------+---------+-------+---------+---------+-------+---------
         Total |       0 |     456 |   0.0 |       0 |      44 |   0.0 |  1588
               +---------+---------+-------+---------+---------+-------+---------
           D:2 |       0 |      78 |   0.0 |       0 |       8 |   0.0 |   356
           D:3 |       0 |      62 |   0.0 |       0 |      11 |   0.0 |   204
           D:4 |       0 |     253 |   0.0 |       0 |      16 |   0.0 |   694
           D:5 |       0 |      63 |   0.0 |       0 |       9 |   0.0 |   282
               +---------+---------+-------+---------+---------+-------+---------
